 Dungeon Crawl Stone Soup version 0.29.1-15-g9cfb28693d (webtiles) character file.

Game seed: 12984502764602586529

1782 redmage the Geomancer (level 9, -1/62 HPs)
             Began as a Meteoran Earth Elementalist on Sept 11, 2023.
             Was a Follower of Sif Muna.
             Slain by a gnoll
             ... wielding a +0 spear
             ... led by a gnoll sergeant
              (2 damage)
             ... on level 7 of the Dungeon.
             The game lasted 00:24:49 (1527 turns).

redmage the Geomancer (Meteoran Earth Elementalist) Turns: 1527, Time: 00:24:50

Health: -1/62      AC:  5    Str: 10    XL:     9   Next: 54%
Magic:  2/22       EV:  6    Int: 21    God:    Sif Muna [*.....]
Gold:   309        SH:  0    Dex: 15    Spells: 14/24 levels left

rFire   . . .      SeeInvis .   p - staff of poison
rCold   . . .      Faith    .   (no shield)
rNeg    . . .      Spirit   .   b - +0 steam dragon scales
rPois   +          Reflect  .   (no helmet)
rElec   .          Harm     .   (no cloak)
rCorr   .          Rampage  .   (no gloves)
Will    +....                   (no boots)
Stlth   +.........              (no amulet)
HPRegen 0.20/turn               (no ring)
MPRegen 0.18/turn               (no ring)

@: attractive, held, hasted, glowing, very quick
A: sense surroundings 2, otherworldly, glowing, explore regen
a: Renounce Religion, Channel Magic


You were on level 7 of the Dungeon.
You worshipped Sif Muna.
Sif Muna was aware of your devotion.
You visited 1 branch of the dungeon, and saw 8 of its levels.
You also visited: Bailey.

You collected 309 gold pieces.

Inventory:

Armour
 b - +0 steam dragon scales (worn)
 k - a +3 leather armour
Magical Staves
 h - a staff of death
 p - a staff of poison (weapon)
Scrolls
 c - a scroll of brand weapon
 d - 2 scrolls of silence
 g - 3 scrolls of magic mapping
 j - 2 scrolls of enchant armour
Potions
 a - a potion of experience
 i - a potion of mutation
 l - a potion of heal wounds {unknown}
 m - a potion of resistance {unknown}
 n - a potion of flight {unknown}
 o - a potion of might {unknown}


   Skills:
 - Level 2.4 Dodging
 - Level 1.4 Stealth
 + Level 8.1 Spellcasting
 - Level 5.0 Conjurations
 - Level 1.2 Transmutations
 + Level 8.4 Earth Magic
 + Level 6.9 Invocations


You had 14 spell levels left.
You knew the following spells:

 Your Spells              Type           Power      Damage    Failure   Level
a - Sandblast             Erth           88%        2d18      1%          1
b - Passwall              Tmut/Erth      23%        N/A       1%          2
c - Stone Arrow           Conj/Erth      72%        3d11      1%          3
z - Passage of Golubria   Tloc           8%         N/A       61%         4

Your spell library contained the following spells:

 Spells                   Type           Power      Damage    Failure   Level
 Necrotise                Necr           32%        1d5       8%          1
 Petrify                  Tmut/Erth      28%        N/A       11%         4
 Tukima's Dance           Hex            8%         N/A       24%         3
 Vampiric Draining        Necr           8%         2d6       24%         3
 Corpse Rot               Necr/Pois/Air  12%        N/A       61%         4
 Dispel Undead            Necr           8%         3d8       61%         4
 Yara's Violent Unravell  Hex/Tmut       5%         3d4       86%         5
 Agony                    Necr           8%         N/A       91%         5
 Death Channel            Necr           4%         N/A       100%        6


Dungeon Overview and Level Annotations

Branches:
Dungeon (8/15) Zot: 3521   Temple (0/1) D:7          Bailey (visited)
   Lair: D:8-11

Altars:
Sif Muna

Shops:
D:8 !

Portals:
Abyss: D:6

Annotations:
D:1 2 runed translucent doors
D:6 2 transporters, Sapher's ghost, novice MeEE


Innate Abilities, Weirdness & Mutations

You passively map the area around you.
You are easily found by Zot.
You glow in the dark.
You regain HP and MP as you explore.


Message History

Casting: Sandblast (safe; 1% risk of failure)
Confirm with . or Enter, or press ? or * to list all spells.
Aiming: Sandblast (safe; 1% risk of failure)
Press: ? - help, Shift-Dir - straight line, f/p - gnoll
Aim: a gnoll, wielding a +0 flail and wearing a +0 chain mail (severely wounded, 91% to hit)
The blast of sand hits the gnoll.
The gnoll is almost dead.
The gnoll hits you with a +0 flail. The gnoll hits you but does no damage.
Casting: Sandblast (safe; 1% risk of failure)
Confirm with . or Enter, or press ? or * to list all spells.
Aiming: Sandblast (safe; 1% risk of failure)
Press: ? - help, Shift-Dir - straight line, f/p - gnoll
Aim: a gnoll, wielding a +0 flail and wearing a +0 chain mail (almost dead, 91% to hit)
The blast of sand hits the gnoll but does no damage.
The gnoll is almost dead.
The gnoll hits you with a +0 flail!
* * * LOW HITPOINT WARNING * * *
The gnoll hits you but does no damage. The gnoll hits you with a +0 flail.
* * * LOW HITPOINT WARNING * * *
The gnoll hits you from afar with a +0 spear.
* * * LOW HITPOINT WARNING * * *
Casting: Sandblast (safe; 1% risk of failure)
Confirm with . or Enter, or press ? or * to list all spells.
Aiming: Sandblast (safe; 1% risk of failure)
Press: ? - help, Shift-Dir - straight line, f/p - gnoll
Aim: a gnoll, wielding a +0 flail and wearing a +0 chain mail (almost dead, 91% to hit)
The blast of sand hits the gnoll but does no damage.
The gnoll is almost dead.
The gnoll hits you with a +0 flail!
* * * LOW HITPOINT WARNING * * *
The gnoll barely misses you.
It was a potion of attraction.
You feel attractive to monsters. The gnoll closely misses you.
The gnoll hits you but does no damage. The gnoll is attracted toward you.
It was a potion of haste.
You feel yourself speed up. The gnoll hits you with a +0 flail.
* * * LOW HITPOINT WARNING * * *
The gnoll hits you with a +0 spear.
You die...

,, , ,,........# *
........##### ,
............# *
............# *
............# *
...)†)......# *
......†§....# *
,.......g.# * ^ ,
,#.....g@## ,
.........# ,, ,
.........# *
,,.........#
.....##...........#
..................#
.................#
. ..............#.#
.##..........##.#.#


You could see 2 gnolls.

Vanquished Creatures
  Maggie (D:7)
  A steam dragon (D:7)
  2 sky beasts (D:7)
  4 orc warriors (Bailey)
  3 bullfrogs
  A gnoll sergeant (D:7)
  2 scorpions
  A howler monkey (D:6)
  A hound (D:7)
  A jelly (D:7)
  A gnoll bouda (D:6)
  An orc priest (D:5)
  2 orc wizards
  6 gnolls
  5 adders
  2 white imps
  An ufetubus (D:6)
  A dart slug (D:2)
  A worm (D:2)
  15 orcs
  8 endoplasms
  3 giant cockroaches
  10 goblins
  6 hobgoblins
  5 jackals
  4 quokkas
  8 ball pythons
  2 bats (D:3)
  2 frilled lizards (D:2)
  14 kobolds
  9 rats
123 creatures vanquished.

Notes
Turn   | Place    | Note
-------+----------+-------------------------------------------
     0 | D:1      | redmage the Meteoran Earth Elementalist began the quest for
                  | the Orb.
     0 | D:1      | Reached XP level 1. HP: 14/14 MP: 5/5
    32 | D:1      | Reached XP level 2. HP: 20/20 MP: 0/7
    33 | D:1      | Found a large runed translucent door.
    33 | D:1      | Found a large runed translucent door.
   104 | D:1      | Learned a level 2 spell: Passwall
   173 | D:1      | Reached XP level 3. HP: 26/26 MP: 2/8
   178 | D:1      | Learned a level 3 spell: Stone Arrow
   301 | D:2      | Found a faded altar of an unknown god.
   310 | D:2      | Reached skill level 1 in Conjurations
   323 | D:2      | Reached XP level 4. HP: 27/33 MP: 6/10
   534 | D:3      | Learned a level 1 spell: Necrotise
   559 | D:3      | Reached XP level 5. HP: 38/38 MP: 7/12
   586 | D:3      | Learned a level 4 spell: Passage of Golubria
   617 | D:5      | Entered Level 5 of the Dungeon
   664 | D:4      | Found a shimmering blue altar of Sif Muna.
   670 | D:4      | Became a worshipper of Sif Muna the Loreminder
   702 | D:6      | Found a transporter.
   731 | D:6      | Reached skill level 5 in Earth Magic
   732 | D:6      | Noticed a small abomination
   738 | D:6      | Reached XP level 6. HP: 44/45 MP: 10/13
   758 | D:6      | Found a one-way gate to the infinite horrors of the Abyss.
   762 | D:6      | Noticed Sapher's ghost (novice MeEE)
   767 | D:6      | Found a transporter.
   773 | D:6      | Noticed an orc warrior
   801 | D:6      | Reached skill level 5 in Spellcasting
   848 | D:6      | Reached skill level 1 in Invocations
   857 | D:6      | Reached XP level 7. HP: 26/50 MP: 4/15
   911 | D:7      | Found a staircase to the Ecumenical Temple.
   932 | D:7      | Noticed Maggie
   948 | D:7      | Killed Maggie
   949 | D:7      | Reached XP level 8. HP: 28/57 MP: 13/18
   987 | D:7      | Found a flagged portal.
   992 | D:7      | Reached * piety under Sif Muna
  1001 | Bailey   | Entered a bailey
  1007 | Bailey   | Noticed an orc warlord
  1050 | Bailey   | Reached skill level 5 in Conjurations
  1124 | Bailey   | Reached skill level 5 in Invocations
  1169 | Bailey   | Found a runed translucent gate.
  1170 | Bailey   | Found a runed translucent gate.
  1176 | Bailey   | Found a runed translucent gate.
  1195 | Bailey   | Gained mutation: You passively map the area around you.
                  | [Meteoran growth]
  1195 | Bailey   | Reached XP level 9. HP: 59/62 MP: 2/20
  1486 | D:8      | Found Aqechyth's Distillery.
  1525 | D:7      | HP: 2/62 [gnoll/+0 flail[a gnoll sergeant] (7)]
  1527 | D:7      | Slain by a gnoll

Illustrated notes

Levels and vault maps discovered:
D:1:      erik_arrival_cave_to_civilisation [erik_arrival_cave_to_temple],
          layout_rooms, chequers_serial_rivers_large_a, minmay_crystal_room,
          grunt_decor_mini_mirrors, minmay_octomino_c4
D:2:      layout_rooms, basic_altar, ebering_ecumenical_altar_box,
          grunt_ministairs_4, minivault_27
D:3:      layout_basic, ebering_dispersal_statue_hall, serial_park_tiny_2,
          chequers_serial_rivers_micro_c
D:4:      layout_basic, led_sif_pool, nicolae_yredelemnul_corpse_copse
D:5:      layout_rooms, minitemple
D:6:      kennysheep_housing_project, layout_rooms, chei_slow_surprise,
          serial_shops, nicolae_shop_bloodbath_and_beyond,
          gammafunk_ghost_abyssal_escape, kennysheep_generic_room_16,
          uniq_prince_ribbit1
D:7:      layout_rooms, minmay_temple_entry_crystal_x, enter_bailey_3,
          uniq_maggie
D:8:      layout_rooms, lair_entry_dummy, serial_shops, nicolae_stop_n_shop_1,
          uniq_gastronok

Skill      XL: |  1  2  3  4  5  6  7  8  9 |
---------------+----------------------------+-----
Spellcasting   | 3 4 5 6 8 |  8.1
Earth Magic    | 4 5 6 7 8 |  8.4
Conjurations   | 1 2 3 4 5 |  5.0
Invocations    | 1 3 5 6 |  6.9
Dodging        | |  2.4
Stealth        | |  1.4
Transmutations | |  1.2

Action                   |  1- 3 |  4- 6 |  7- 9 || total
-------------------------+-------+-------+-------++-------
Melee: Unarmed           |     1 |       |       ||     1
       Staff             |       |     1 |     1 ||     2
 Cast: Sandblast         |    45 |    74 |    74 ||   193
       Passwall          |     1 |     8 |       ||     9
       Necrotise         |       |     2 |       ||     2
       Stone Arrow       |       |     3 |    31 ||    34
  Use: Scroll            |       |     8 |     5 ||    13
       Potion            |       |       |     3 ||     3
Armor: Robe              |     4 |       |       ||     4
       Leather armour    |       |    32 |       ||    32
       Steam dragon scal |       |       |    23 ||    23
Dodge: Dodged            |     5 |    26 |    43 ||    74
